Description

zvt

VOD

https://youtu.be/C0O7HJu8Yzc?t=1192

Replay - Maru v Serral: Game 2 - [ESL] Radhuset Station

Build Order

Get SALT Encoding   

  12  0:00  Drone  
  13  0:12  Overlord  
  13  0:17  Drone  
  14  0:30  Drone x2  
  16  0:48  Hatchery  
  15  0:51  Drone x2  
  17  0:58  Drone  
  18  1:10  Extractor  
  17  1:14  Spawning Pool  
  17  1:17  Drone x2  
  18  1:27  Drone  
  21  2:00  Queen x2  
  25  2:02  Overlord, Zergling x2  
  30  2:32  Hatchery  
  31  2:40  Pneumatized Carapace  
  31  2:48  Queen  
  33  2:53  Overlord  
  35  3:04  Metabolic Boost  
  36  3:09  Overlord  
  41  3:23  Queen  
  44  3:31  Queen  
  47  3:36  Overlord  
  47  3:42  Zergling x4  
  47  3:45  Queen  
  61  4:35  Evolution Chamber x2  
  68  4:41  Queen  
  70  4:49  Extractor  
  73  4:58  Zergling x10  
  74  5:01  Zerg Melee Weapons Level 1  
  74  5:02  Queen  
  74  5:06  Zerg Ground Armor Level 1  
  80  5:13  Hatchery  
  79  5:20  Extractor  
  94  5:39  Lair  
  94  5:48  Zergling x4  
  97  5:57  Baneling Nest  
  97  6:02  Extractor x2  
  98  6:12  Queen  
  98  6:16  Hatchery  
  109  6:33  Queen  
  109  6:35  Centrifugal Hooks  
  116  6:41  Baneling x4  
  126  7:01  Zerg Melee Weapons Level 2, Zerg Ground Armor Level 2  
  126  7:02  Infestation Pit  
  126  7:03  Hatchery  
  126  7:05  Hydralisk Den  
  127  7:12  Extractor x2  
  132  7:16  Spore Crawler  
  132  7:20  Grooved Spines  
  132  7:22  Baneling x6  
  135  7:39  Hive  
  160  8:14  Overseer  
  160  8:26  Overseer  
  156  8:37  Muscular Augments  
  156  8:40  Overseer  
  169  8:44  Infestor x2  
  169  8:45  Burrow  
  172  8:51  Adrenal Glands  
  172  8:53  Extractor  
  172  8:57  Viper x2  
  178  9:15  Hydralisk x7  
  193  9:39  Zerg Ground Armor Level 3  
  193  9:45  Zerg Missile Weapons Level 1  
  196  9:52  Hatchery  
Spawning Tool Build Advisor. Get it on Overwolf

Go to:

Details

  • Created by: momopeanut
  • Published on: Mar 10, 2024
  • Modified on: Mar 10, 2024
  • Patch: 5.0.11
  • Difficulty: Hard
Show
View Real Time Build Order
Export as new Build Order

Comments (0)

There are no comments. Be the first!

Create an account to comment!